 Dungeon Crawl Stone Soup version 0.22.1-2-g9c5b331383 (webtiles) character file.

655 Ivernyr the Grave Robber (level 7, -2/55 HPs)
             Began as a Deep Dwarf Necromancer on Nov 16, 2018.
             Slain by Grinder (4 damage)
             ... on level 5 of the Dungeon.
             The game lasted 00:32:30 (6276 turns).

Ivernyr the Grave Robber (Deep Dwarf Necromancer)   Turns: 6276, Time: 00:32:31

Health: -2/55      AC:  2    Str: 11    XL:     7   Next: 29%
Magic:  28/28      EV: 14    Int: 18    God:
Gold:   240        SH:  0    Dex: 13    Spells: 11/16 levels left

rFire    . . .     SeeInvis +   x - staff of power
rCold    . . .     Gourm    +   (no shield)
rNeg     . . .     Faith    .   a - +0 robe
rPois    +         Spirit   .   (no helmet)
rElec    .         Reflect  .   (no cloak)
rCorr    .         Harm     .   (no gloves)
MR       +....                  (no boots)
Stlth    ++........             u - amulet of the gourmand
HPRegen  0.00/turn              j - ring of poison resistance
MPRegen  0.21/turn              o - ring of see invisible

@: non-regenerating
A: damage resistance, heal wounds, sense surroundings 1, no regeneration
a: Heal Wounds


You were on level 5 of the Dungeon.
You were completely stuffed.

You visited 1 branch of the dungeon, and saw 5 of its levels.

You collected 240 gold pieces.

Inventory:

Armour
 a - a +0 robe (worn)
Magical Staves
 x - an uncursed staff of power (weapon)
Jewellery
 j - a ring of poison resistance (left hand)
 o - a ring of see invisible (right hand)
 u - an amulet of the gourmand (around neck)
 w - an uncursed ring of flight
Wands
 b - a wand of acid (11)
Scrolls
 d - a scroll of fear {unknown}
 e - 2 scrolls of enchant weapon {unknown}
 f - 4 scrolls of remove curse {unknown}
 g - a scroll of noise {unknown}
 h - 5 scrolls of teleportation {unknown}
 i - a scroll of enchant armour {unknown}
 p - a scroll of random uselessness {unknown}
 r - 6 scrolls of identify {unknown}
 t - a scroll of magic mapping {unknown}
 y - a scroll of blinking {unknown}
 z - a scroll of amnesia {unknown}
Potions
 k - a potion of brilliance {unknown}
 l - 2 potions of lignification {unknown}
 m - 2 potions of heal wounds {unknown}
 n - 3 potions of curing
 q - a potion of agility {unknown}
 s - a potion of invisibility {unknown}
 v - a potion of mutation {unknown}
Comestibles
 c - 8 rations
 A - 2 chunks of flesh


   Skills:
 + Level 4.7 Dodging
 - Level 2.4 Stealth
 * Level 5.0 Spellcasting
 + Level 6.2 Necromancy


You had 11 spell levels left.
You knew the following spells:

 Your Spells              Type           Power        Failure   Level  Hunger
a - Pain                  Necr           ####         1%          1    None
b - Animate Skeleton      Necr           N/A          1%          1    None
c - Vampiric Draining     Necr           ####......   3%          3    ##.....

Your spell library contained the following spells:

 Spells                   Type           Power        Failure   Level  Hunger
 Animate Dead             Necr           N/A          11%         4    ####...
 Flame Tongue             Conj/Fire      #....        13%         1    None
 Throw Flame              Conj/Fire      #.....       21%         2    #......
 Conjure Flame            Conj/Fire      #.......     36%         3    ##.....
 Inner Flame              Hex/Fire       #.......     36%         3    ##.....
 Sticky Flame             Conj/Fire      #.......     78%         4    ####...
 Fireball                 Conj/Fire      #.........   98%         5    ######.
 Regeneration             Chrm/Necr      Unusable     N/A         3    N/A

Dungeon Overview and Level Annotations

Branches:
Dungeon (5/15)
 Temple: D:4-7

Altars:
Elyvilon
Hepliaklqana
Vehumet
Xom
The Shining One

Annotations:
D:5 Grinder, Ijyb


Innate Abilities, Weirdness & Mutations

You are resistant to damage.
You can heal yourself by infusing magical energy.
You passively map a small area around you.
You do not regenerate.


Message History

You barely miss Grinder.
Grinder is almost dead.
Grinder gestures at you.
You easily resist.
You hit Grinder.
Grinder is almost dead.
Grinder hits you!
* * * LOW HITPOINT WARNING * * *
You writhe in agony.
* * * LOW HITPOINT WARNING * * *
You closely miss Grinder.
Grinder is almost dead.
Grinder misses you.
You hit Grinder.
Grinder is almost dead.
Grinder says, "DUCK!"
Grinder hits you!
* * * LOW HITPOINT WARNING * * *
You writhe in agony.
You die...

,............#
########...##
##.## * ,,, ###
#.# * * , ..# #.#
, , , ***,#.###'##
, .. #,#.##.(.## ,
* .. #.#.#.....##
,,
..#.#.#>5@.....##
**
................#
................+,
*
......#.........#*
..######.).....##
##.....## ,
##...## ##'## ,,,
... *


You could see Grinder.

Vanquished Creatures
  Edmund (D:3)
  A sky beast (D:5)
  A howler monkey (D:4)
  2 hounds (D:4)
  3 orc priests (D:3)
  An orc wizard (D:4)
  An iguana (D:5)
  2 worker ants
  5 adders
  A shadow imp (D:5)
  3 worms
  3 dart slugs
  2 leopard geckos (D:2)
  15 orcs
  2 bats (D:1)
  5 giant cockroaches
  5 goblins
  5 hobgoblins
  2 jackals (D:4)
  4 quokkas
  A ball python (D:4)
  3 frilled lizards
  9 kobolds
  10 rats
87 creatures vanquished.

Vanquished Creatures (collateral kills)
  A hobgoblin (D:3)
  A ball python (D:2)
2 creatures vanquished.

Grand Total: 89 creatures vanquished

Notes
Turn   | Place    | Note
-------+----------+-------------------------------------------
     0 | D:1      | Ivernyr the Deep Dwarf Necromancer began the quest for the
                  | Orb.
     0 | D:1      | Reached XP level 1. HP: 15/15 MP: 3/3
   249 | D:1      | Reached XP level 2. HP: 20/22 MP: 1/5
   438 | D:1      | Learned a level 1 spell: Animate Skeleton
   840 | D:2      | Reached XP level 3. HP: 26/28 MP: 1/6
  1031 | D:2      | Learned a level 3 spell: Vampiric Draining
  1845 | D:2      | Found a glowing golden altar of the Shining One.
  1976 | D:3      | Found a hazy altar of Hepliaklqana.
  2530 | D:3      | Reached XP level 4. HP: 15/36 MP: 1/8
  3173 | D:4      | Found a white marble altar of Elyvilon.
  3223 | D:4      | Noticed a phantom
  3354 | D:4      | Reached skill level 5 in Necromancy
  3512 | D:4      | Reached XP level 5. HP: 36/42 MP: 0/10
  3936 | D:3      | Reached XP level 6. HP: 37/49 MP: 0/12
  4389 | D:4      | Noticed Edmund
  4504 | D:3      | Killed Edmund
  5612 | D:5      | Entered Level 5 of the Dungeon
  5924 | D:5      | Reached XP level 7. HP: 16/55 MP: 13/13
  5941 | D:5      | Noticed Ijyb
  5945 | D:5      | Reached skill level 6 in Necromancy
  5989 | D:5      | Found a radiant altar of Vehumet.
  5991 | D:5      | Found a shimmering altar of Xom.
  6087 | D:5      | Reached skill level 5 in Spellcasting
  6227 | D:5      | Noticed Grinder
  6243 | D:5      | Paralysed by Grinder for 7 turns
  6263 | D:5      | Paralysed by Grinder for 7 turns
  6276 | D:5      | HP: 2/55 [Grinder (4)]
  6276 | D:5      | Slain by Grinder

Skill      XL: |  1  2  3  4  5  6  7 |
---------------+----------------------+-----
Spellcasting   | 2 3 4 5 |  5.0
Dodging        | 3 4 |  4.7
Necromancy     | 5 6 |  6.2
Stealth        | |  2.4

Action                   |  1- 3 |  4- 6 |  7- 9 || total
-------------------------+-------+-------+-------++-------
Melee: Unarmed           |     6 |       |       ||     6
       Whip              |    53 |    76 |       ||   129
       Staff             |       |    25 |    17 ||    42
 Cast: Pain              |    50 |    31 |     1 ||    82
       Animate Skeleton  |    10 |     3 |     2 ||    15
       Vampiric Draining |    12 |    52 |    10 ||    74
 Abil: Heal Wounds       |       |     2 |     1 ||     3
 Stab: Sleeping          |     1 |       |       ||     1
  Eat: Chunk             |     6 |    30 |     3 ||    39
Armor: Robe              |    10 |    13 |       ||    23
Dodge: Dodged            |    45 |   104 |    12 ||   161
